cohdb
Replays
Latest Replays
All Replays
Popular Replays
Top Player Replays
Match Explorer
How It Works
Community
CoH3 Stats
Reddit
Sign in to upload your games and track your stats! →
Sign in with Steam
Match 20617738
Unlisted
Match 20617738
Overview
Messages
Build Orders
End
Royal Engineer Section
Construct Section Command Post
Infantry Section
Infantry Section
Infantry Section
Construct Platoon Command Post
Infantry Training
Construct Field Infirmary
Selects Indian Artillery Battlegroup
Selects Valour
Selects Gurkha Rifles Section
Selects Towed ML 4.2-inch Heavy Mortar
6-pounder Anti-tank Gun Team
Grenade Package
6-pounder Anti-tank Gun Team
ML 3-inch Mortar Team
Selects Volunteer Infantry
Construct Company Command Post
Gurkha Rifles Section
Selects Off-map Airburst Barrage
DirtyDan
FoolishViceroy
0
0
Comments
sign in to comment!
No comments posted yet!